 Dungeon Crawl Stone Soup version 0.19.1-1-g22dce08 (webtiles) character file.

207 markt42 the Cudgeler (level 5, -9/33 HPs)
             Began as a Gargoyle Monk on Jan 7, 2017.
             Mangled by an ogre
             ... wielding a +0 giant club
              (19 damage)
             ... on level 4 of the Dungeon.
             The game lasted 00:03:16 (2684 turns).

markt42 the Cudgeler (Gargoyle Monk)                Turns: 2684, Time: 00:03:17

Health: -9/33      AC: 12    Str: 15    XL:     5   Next: 85%
Magic:  5/5        EV: 10    Int: 11    God:
Gold:   107        SH:  0    Dex: 12    Spells: 0 memorised, 4 levels left

rFire  + + .     SeeInvis .     a - +0 mace
rCold  . . .     Gourm    .     w - +0 scale mail
rNeg   + . .     Faith    .     (no shield)
rPois  ∞         Spirit   .     k - +2 hat
rElec  +         Reflect  .     (no cloak)
rCorr  .         Harm     .     (no gloves)
MR     .....                    (no boots)
Stlth  +.........               x - amulet of inaccuracy (curse)
                                u - ring of protection from fire
                                o - ring of protection from fire

@: no status effects
A: negative energy resistance 1, electricity resistance, unbreathing,
petrification resistance, rot immunity, AC +4
a: no special abilities


You were on level 4 of the Dungeon.
You were not hungry.

You visited 1 branch of the dungeon, and saw 4 of its levels.

You collected 107 gold pieces.

Inventory:

Hand Weapons
 a - a +0 mace (weapon)
Armour
 k - a +2 hat (worn)
 w - a +0 scale mail (worn)
Jewellery
 o - a ring of protection from fire (left hand)
 s - an uncursed ring of protection from cold {unknown}
 u - a ring of protection from fire (right hand)
 x - a cursed amulet of inaccuracy (around neck)
Scrolls
 e - a scroll of amnesia
 i - 2 scrolls of teleportation
 m - 2 scrolls of fear
 n - 4 scrolls of identify
Potions
 d - 3 potions of curing
 f - 2 potions of degeneration {unknown}
 g - a potion of berserk rage {unknown}
 j - 2 potions of cancellation {unknown}
 l - a potion of lignification {unknown}
 p - a potion of flight {unknown}
 q - a potion of might {unknown}
 t - a potion of magic {unknown}
Comestibles
 c - 2 bread rations
 h - a beef jerky
 v - a meat ration


   Skills:
 + Level 3.7 Fighting
 * Level 4.8 Maces & Flails
 * Level 2.1 Armour
 + Level 3.0 Dodging
 + Level 3.2 Stealth


You had 4 spell levels left.
You didn't know any spells.

Dungeon Overview and Level Annotations

Branches:
Dungeon (3/15)

Altars:
Qazlal


Innate Abilities, Weirdness & Mutations

You are resistant to torment.
Your stone body is resilient. (AC +4)
You are immune to poison.
You resist negative energy. (rN+)
You are resistant to electric shocks. (rElec)
You can survive without breathing.
You are immune to petrification.
You are immune to rotting.


Message History

The ogre closely misses you.
You hit the ogre.
The ogre is heavily wounded.
The ogre hits you with a giant club!
You closely miss the ogre.
The ogre is heavily wounded.
The ogre hits you with a giant club!
* * * LOW HITPOINT WARNING * * *
You feel much better.
You closely miss the ogre.
The ogre is heavily wounded.
The ogre hits you with a giant club!
You closely miss the ogre.
The ogre is heavily wounded.
The ogre hits you with a giant club!
You hit the ogre.
The ogre is heavily wounded.
The ogre hits you with a giant club!!
Ouch! That really hurt!
You die...

#..#
########..#
..........#
#.#########..#
.............#
..........##.#
..#######.##.#
#.##.# #@##.#
.#######O##.#
.O........>.#
..#####.#####
#.# #.# ..#
###


You could see an ogre.

Vanquished Creatures
  An orc priest (D:4)
  A worker ant (D:4)
  A hound skeleton (D:4)
  Robin (D:3)
  6 adders (D:2)
  An ooze (D:3)
  2 leopard geckos
  5 orcs
  7 ball pythons (D:2)
  3 bats
  2 giant cockroaches
  10 goblins
  4 hobgoblins
  5 jackals
  3 quokkas
  A frilled lizard (D:2)
  8 kobolds
  7 rats
68 creatures vanquished.

Notes
Turn   | Place    | Note
-------+----------+-------------------------------------------
     0 | D:1      | markt42 the Gargoyle Monk began the quest for the Orb.
     0 | D:1      | Reached XP level 1. HP: 14/14 MP: 1/1
   338 | D:1      | Reached XP level 2. HP: 19/19 MP: 2/2
   809 | D:2      | Reached XP level 3. HP: 17/23 MP: 3/3
  1066 | D:2      | Reached skill level 1 in Armour
  1080 | D:2      | Reached skill level 4 in Maces & Flails
  1113 | D:2      | Reached XP level 4. HP: 26/28 MP: 4/4
  1557 | D:2      | Found a stormy altar of Qazlal.
  2001 | D:3      | Noticed Robin
  2070 | D:3      | Killed Robin
  2070 | D:3      | Reached XP level 5. HP: 4/32 MP: 5/5
  2495 | D:3      | You fall through a shaft!
  2648 | D:4      | Noticed an ogre
  2684 | D:4      | Mangled by an ogre

Skill      XL: |  1  2  3  4  5 |
---------------+----------------+-----
Armour         | 1 2 |  2.1
Maces & Flails | 4 |  4.8
Stealth        | 3 |  3.2
Dodging        | 3 |  3.0
Fighting       | |  3.7

Action                   |  1- 3 |  4- 6 || total
-------------------------+-------+-------++-------
Melee: Mace              |    64 |   242 ||   306
  Use: Scroll            |       |     8 ||     8
       Potion            |       |     2 ||     2
 Stab: Sleeping          |     5 |     8 ||    13
       Distracted        |       |     1 ||     1
  Eat: Chunk             |     1 |     5 ||     6
Armor: Robe              |    20 |    76 ||    96
       Scale mail        |       |     9 ||     9
Dodge: Dodged            |    46 |   147 ||   193
